 Dungeon Sprint DCSS version 0.30-a0-702-gdf48620a09 (webtiles) character file.

Game seed: 3529530410284763443

14 rocky1 the Cudgeller (level 3, 24/24 HPs)
             Began as a Gargoyle Gladiator on Jan 22, 2023.
             Was an Initiate of Gozag.
             Quit the game in the Dungeon (Sprint VI: "Thunderdome").
             The game lasted 00:02:40 (134 turns).

rocky1 the Cudgeller (Gargoyle Gladiator)            Turns: 134, Time: 00:02:41

Health: 24/24      AC:  7    Str: 19    XL:     3   Next: 29%
Magic:  3/3        EV: 12    Int:  8    God:    Gozag
Gold:   490        SH:  0    Dex: 11    Spells: 2/2 levels left

rFire   . . .      SeeInvis .    a - +0 flail
rCold   . . .      Faith    .    (no shield)
rNeg    + . .      Spirit   .    b - +0 leather armour
rPois   ∞          Reflect  .    c - +0 helmet
rElec   +          Harm     .    (no cloak)
rCorr   .          Rampage  .    (no gloves)
Will    .....      NoTele   +    (no boots)
Stlth   +                        (no amulet)
HPRegen 0.24/turn                (no ring)
MPRegen 0.08/turn                (no ring)

@: no status effects
A: sickness immunity, AC +3, negative energy resistance 1, electricity
resistance, torment resistance 1, petrification resistance
a: Renounce Religion, Potion Petition, Call Merchant, Bribe Branch


You were in the Dungeon.
You worshipped Gozag.
Gozag was aware of your devotion.
You visited 1 branch You collected 490 gold pieces.

Inventory:

Hand Weapons
 a - a +0 flail (weapon)
Missiles
 d - 3 throwing nets (quivered)
 e - a javelin
Armour
 b - a +0 leather armour (worn)
 c - a +0 helmet (worn)
Wands
 m - a wand of light (5)
 n - a wand of iceblast (4)
Scrolls
 k - 4 scrolls of blinking
 o - 3 scrolls of fog
Potions
 f - a potion of curing
 g - 4 potions of heal wounds
 h - 4 potions of haste
 i - 2 potions of magic
 j - a potion of berserk rage
 l - 2 potions of resistance


   Skills:
 + Level 4.4 Fighting
 * Level 5.9 Maces & Flails
 - Level 1.7 Throwing
 - Level 2.4 Dodging


You had 2 spell levels left.
You didn't know any spells.
Your spell library was empty.

Dungeon Overview and Level Annotations

Branches:
Dungeon (1/1)

Altars:
Cheibriados
Dithmenos
Fedhas
Gozag
Kikubaaqudgha
Makhleb
Okawaru
Qazlal
Ru
Sif Muna
Trog
Uskayaw
Vehumet
Wu Jian
Xom
Yredelemnul
Zin
The Shining One
Lugonu

Shops:
D *[??*?*:[((!!!!


Innate Abilities, Weirdness & Mutations

You are immune to sickness and miasma.
Your stone body is resilient. (AC +3)
You are immune to poison.
You resist negative energy. (rN+)
You are resistant to electric shocks. (rElec)
You are resistant to unholy torment.
You are immune to petrification.


Message History

You kill the jelly!
Your Fighting skill gained 2 levels and is now at level 4!
Your Maces & Flails skill gained 2 levels and is now at level 5!
You have reached level 2!
You have reached level 3!
Your experience leads to an increase in your attributes!
Increase (S)trength, (I)ntelligence, or (D)exterity?
You feel stronger. x2
Unknown command.
You now have 344 gold pieces (gained 36).
Found a glowing silver altar of Zin.
Found a roughly hewn altar of Beogh.
Found an ancient bone altar of Kikubaaqudgha.
Found Yhugy's Weapon Rack.
Found Offym's Premium Goods.
Found a sacrificial altar of Ru.
Found Hyofuemo's Basic Armour and Kapn's Miscellaneous Merchandise.
There is an entrance to Duwuavit's Advanced Armour here.
A goblin comes into view. It is wielding a +0 dagger.
There is an entrance to Duwuavit's Advanced Armour here.
The goblin shouts!
You sock the goblin!
You kill the goblin!
No target in view!
You now have enough gold to petition Gozag for potion effects.
You now have 416 gold pieces (gained 72).
You see here a +0 dagger. 50...
A frilled lizard comes into view.
The frilled lizard hisses angrily.
You hit the frilled lizard.
You kill the frilled lizard!
Victory!
Score multiplier: 2x You now have 14 arena points (gained 14).
You now have 470 gold pieces (gained 54).
You now have 490 gold pieces (gained 20).
There is an entrance to Yhugy's Weapon Rack here.
Unknown command.
Unknown command.
Are you sure you want to abandon this character and quit the game? (Confirm with "yes".)

∩........8.#
#.8........∩###
#∩._.......###......_._∩##
######.8.........8.######
#⌠...........⌠#
###.........###
#_......._# #_......._#
#_......._# #∩.......@#
##∩.....∩## ##.....##
##⌠⌠⌠## ####


There were no monsters in sight!

Vanquished Creatures
  A jelly (D)
  2 ball pythons (D)
  A goblin (D)
  A frilled lizard (D)
  A rat (D)
6 creatures vanquished.

Notes
Turn   | Place    | Note
-------+----------+-------------------------------------------
     0 | D        | rocky1 the Gargoyle Gladiator began the quest for the Orb.
     0 | D        | Reached XP level 1. HP: 12/12 MP: 1/1
     4 | D        | Found a glowing golden altar of the Shining One.
     5 | D        | Found a shadowy altar of Dithmenos.
     5 | D        | Found a corrupted altar of Lugonu.
     5 | D        | Round 1.
     6 | D        | Found a shimmering altar of Xom.
     7 | D        | Found Wutadi's Identification Station.
     7 | D        | Found a basalt altar of Yredelemnul.
     7 | D        | Found a burning altar of Makhleb.
     8 | D        | Found Duwuavit's Advanced Armour.
     8 | D        | Found Dunuot's Jewellery.
    10 | D        | Found an ornate altar of the Wu Jian Council.
    13 | D        | Found a blossoming altar of Fedhas.
    14 | D        | Found an iron altar of Okawaru.
    15 | D        | Found Micetigo's Magic Scroll Shop.
    17 | D        | Found a shimmering blue altar of Sif Muna.
    17 | D        | Found a hide-covered altar of Uskayaw.
    17 | D        | Found Jerghuvee's Staff Store.
    17 | D        | Found Ruewnon's Magic Scroll Shop.
    17 | D        | Found Quhacs's Must-Have Magic.
    21 | D        | Found an opulent altar of Gozag.
    22 | D        | Found a radiant altar of Vehumet.
    23 | D        | Found a stormy altar of Qazlal.
    24 | D        | Found Mont's Distillery.
    25 | D        | Found Bitt's Distillery.
    25 | D        | Found Rakhleol's Bottled Wisdom.
    29 | D        | Became a worshipper of Gozag Ym Sagoz the Greedy
    37 | D        | Found a bloodstained altar of Trog.
    37 | D        | Found a snail-covered altar of Cheibriados.
    37 | D        | Found Tuliphab's Do-It-Yourself Clinic.
    40 | D        | Noticed a jelly
    44 | D        | Killed a jelly
    45 | D        | Reached skill level 5 in Maces & Flails
    45 | D        | Reached XP level 2. HP: 20/20 MP: 2/2
    45 | D        | Reached XP level 3. HP: 24/24 MP: 3/3
    52 | D        | Found a glowing silver altar of Zin.
    54 | D        | Found an ancient bone altar of Kikubaaqudgha.
    55 | D        | Found Yhugy's Weapon Rack.
    57 | D        | Found a sacrificial altar of Ru.
    57 | D        | Found Offym's Premium Goods.
    59 | D        | Found Hyofuemo's Basic Armour.
    59 | D        | Found Kapn's Miscellaneous Merchandise.
   113 | D        | Arena points: 14 (+14) [x2]
   134 | D        | Quit the game

Illustrated notes

Levels and vault maps discovered:
D:        arena_sprint

Skill      XL: |  1 |
---------------+----+-----
Fighting       | 4 |  4.4
Maces & Flails | 5 |  5.9
Throwing       | |  1.7
Dodging        | |  2.4

Action                   || total
-------------------------++-------
Melee: Flail             ||     7
Evoke: Wand              ||     1
Armor: Leather armour    ||     4
Dodge: Dodged            ||     2

Table legend: (Time is in decaauts)
 A = Elapsed time spent in this place.
 B = Non-inter-level travel time spent in this place.
 C = Inter-level travel time spent in this place.
 D = Time resting spent in this place.
 E = Time spent auto-exploring this place.
 F = Levels seen in this place.
 G = Mean time per level.
                   A        B        C        D        E       F      G
               +--------+--------+--------+--------+--------+-----+--------+
         Total |    135 |    135 |      0 |      0 |      0 |   1 |  135.0 |
       Dungeon |    135 |    135 |      0 |      0 |      0 |   1 |  135.0 |
               +--------+--------+--------+--------+--------+-----+--------+

Top non-repeatable levels by time:
       D: 135 daAuts
